 Dungeon Crawl Stone Soup version 0.28.0-43-g3370ac3207 (webtiles) character file.

Game seed: 13657267651540282575

3 Descartes the Charlatan (level 1, 0/7 HPs)
             Began as a Felid Wanderer on Mar 22, 2022.
             Slain by a kobold
             ... wielding a +0 dagger
              (1 damage)
             ... on level 1 of the Dungeon.
             The game lasted 00:00:33 (161 turns).

Descartes the Charlatan (Felid Wanderer)             Turns: 161, Time: 00:00:34

Health: 0/7        AC:  1    Str:  4    XL:     1   Next: 41%
Magic:  4/4        EV: 16    Int: 16    God:
Gold:   0          SH:  0    Dex: 16    Spells: 4/4 levels left
                                        Lives:  0   Deaths: 0

rFire   . . .      SeeInvis +   (weapon unavailable)
rCold   . . .      Faith    .   (shield unavailable)
rNeg    . . .      Spirit   .   (armour unavailable)
rPois   .          Reflect  .   (helmet unavailable)
rElec   .          Harm     .   (cloak unavailable)
rCorr   .          Rampage  .   (gloves unavailable)
Will    .....                   (boots unavailable)
Stlth   ++........              (no amulet)
HPRegen 0.02/turn               (no ring)
MPRegen 0.09/turn               (no ring)

@: quick
A: very small, claws 1, fangs 3, see invisible, speed 1, shaggy fur 1, stealthy
paws, no weapons or thrown items, no armour, multi-lived
a: no special abilities


You were on level 1 of the Dungeon.
You visited 1 branch of the dungeon, and saw 1 of its levels.

Inventory:

Wands
 a - a wand of polymorph (5) (quivered)


   Skills:
 * Level 1.5 Dodging
 * Level 0.5 Stealth
 * Level 0.2 Unarmed Combat
 - Level 2.0 Spellcasting
 + Level 3.0 Translocations
 + Level 2.2 Transmutations
 + Level 3.3 Evocations


You had 4 spell levels left.
You didn't know any spells.
Your spell library contained the following spells:

 Spells                   Type           Power      Damage    Failure   Level
 Apportation              Tloc           22%        N/A       6%          1
 Sting                    Tmut/Pois      20%        1d4       13%         1
 Teleport Other           Tloc           11%        N/A       19%         3
 Spider Form              Tmut/Pois      5%         N/A       36%         3
 Iskenderun's Mystic Bla  Conj/Tloc      6%         2d4       73%         4


Dungeon Overview and Level Annotations

Branches:
Dungeon (1/15)

Altars:


Innate Abilities, Weirdness & Mutations

You have sharp claws.
You have razor-sharp teeth.
You have supernaturally acute eyesight. (SInv)
You cover ground quickly. (Speed+)
You are covered in fur. (AC +1)
Your paws help you pounce on unaware monsters.
You are incapable of wielding weapons or throwing items.
You cannot wear armour.
You gain extra lives every three experience levels.


Message History

Found a stone staircase leading down.
A dart slug comes into view.
The dart slug launches a dart at you. The slug dart misses you.
The dart slug launches a dart at you. The slug dart misses you.
A kobold comes into view. It is wielding a +0 dagger.
Found a mace.
You scratch the dart slug. You bite the dart slug.
The dart slug is severely wounded.
The dart slug bites you.
You scratch the dart slug but do no damage.
The dart slug is severely wounded.
The dart slug launches a dart at you. The slug dart hits you.
You are too injured to fight recklessly!
You are too injured to fight recklessly!
You are too injured to fight recklessly!
You are too injured to fight recklessly!
You are too injured to fight recklessly!
You are too injured to fight recklessly!
You are too injured to fight recklessly!
You are too injured to fight recklessly!
You are too injured to fight recklessly!
You are too injured to fight recklessly!
You are too injured to fight recklessly!
You are too injured to fight recklessly!
You are too injured to fight recklessly!
You are too injured to fight recklessly!
You are too injured to fight recklessly!
You scratch the dart slug.
The dart slug is almost dead.
The kobold closely misses you.
You scratch the dart slug but do no damage.
The dart slug is almost dead.
The dart slug launches a dart at you. The slug dart hits you.
* * * LOW HITPOINT WARNING * * *
The kobold hits you with a +0 dagger.
You die...

#...... .# #.##### ###
#.##########.# # ...
#.)...[......# # #.#
..#########.# # #.. #.#
#.#####
#.##.#########......
#.###..K...........#####
#.....w@........#### #
#........######.# #
..######## #.# # #.# #
#.# # #.# # ####.#### #
#.......# # #.#####.# ##


You could see a dart slug and a kobold.

Vanquished Creatures
  A goblin (D:1)
  A hobgoblin (D:1)
  A kobold (D:1)
3 creatures vanquished.

Notes
Turn   | Place    | Note
-------+----------+-------------------------------------------
     0 | D:1      | Descartes the Felid Wanderer began the quest for the Orb.
     0 | D:1      | Descartes set off with the following items: a wand of
                  | polymorph (5); and the following spells available to
                  | memorise: Apportation, Sting, Teleport Other, Spider Form,
                  | Iskenderun's Mystic Blast
     0 | D:1      | Reached XP level 1. HP: 7/7 MP: 4/4
   161 | D:1      | Slain by a kobold

Illustrated notes

Levels and vault maps discovered:
D:1:      tarquinn_simple_flora_water_b, layout_loops_ring, serial_bayou_pond_a,
          minmay_close_crescents

Action                   || total
-------------------------++-------
Melee: Unarmed           ||    10
       Bite              ||     4
Dodge: Dodged            ||     6
